 Dungeon Crawl Stone Soup version 0.26-b1-32-g5d43845318 (webtiles) character file.

Game seed: 11678956737218109692

1 sentinel the Conjurer (level 1, -1/14 HPs)
             Began as a Demonspawn Conjurer on Jan 11, 2021.
             Slain by an ooze (3 damage)
             ... on level 1 of the Dungeon.
             The game lasted 00:00:25 (75 turns).

sentinel the Conjurer (Demonspawn Conjurer)           Turns: 75, Time: 00:00:26

Health: -1/14      AC:  5    Str:  7    XL:     1   Next: 16%
Magic:  0/3        EV: 10    Int: 19    God:
Gold:   7          SH:  0    Dex: 11    Spells: 3/4 levels left

rFire    . . .     SeeInvis .   d - -2 dagger (curse)
rCold    . . .     Faith    .   (no shield)
rNeg     . . .     Spirit   .   c - +0 ring mail (curse)
rPois    .         Reflect  .   (no helmet)
rElec    .         Harm     .   (no cloak)
rCorr    .         Rampage  .   (no gloves)
Will     .....                  (no boots)
Stlth    +.........             b - amulet of inaccuracy (curse)
HPRegen  0.04/turn              (no ring)
MPRegen  0.08/turn              (no ring)

@: very slightly contaminated
A: no striking features
a: no special abilities


You were on level 1 of the Dungeon.
You visited 1 branch of the dungeon, and saw 1 of its levels.

You collected 7 gold pieces.

Inventory:

Hand Weapons
 d - a cursed -2 dagger (weapon)
Armour
 a - a +0 robe
 c - a cursed +0 ring mail (worn)
Jewellery
 b - a cursed amulet of inaccuracy (around neck)


   Skills:
 + Level 0.4 Fighting
 - Level 1.7 Dodging
 - Level 1.7 Stealth
 - Level 2.0 Spellcasting
 - Level 4.0 Conjurations


You had 3 spell levels left.
You knew the following spells:

 Your Spells              Type           Power        Failure   Level
a - Magic Dart            Conj           68%          12%         1

Your spell library contained the following spells:

 Spells                   Type           Power        Failure   Level
 Searing Ray              Conj           34%          17%         2
 Dazzling Flash           Conj/Hex       18%          61%         3
 Fulminant Prism          Conj/Hex       4%           95%         4
 Iskenderun's Mystic Bla  Conj/Tloc      9%           95%         4


Dungeon Overview and Level Annotations

Branches:
Dungeon (1/15)

Altars:


Message History

Options error: Bad channel -- pray (~/.crawlrc:3650) Options error: Bad channel -- food (~/.crawlrc:3653) Options error: Bad channel -- rotten_meat (~/.crawlrc:3670) Welcome, sentinel the Demonspawn Conjurer.
Will you be the one to retrieve the fabulous Orb of Zot from the depths?
Found five items.
Found a staircase leading out of the dungeon.
Found a glowing dagger.
b - a dented soapstone amulet You start putting on your amulet.
You continue putting on your dented soapstone amulet. x5
You finish putting on your cursed amulet of inaccuracy.
Oops, that amulet feels deathly cold.
b - a cursed amulet of inaccuracy (around neck)
Found a spear.
You now have 7 gold pieces.
A goblin comes into view. It is wielding a +0 club.
The goblin shouts!
You hear a shout!
You hear a bark!
You see here a ring mail.
Okay, then.
The magic dart hits the goblin.
You kill the goblin!
You can't see any susceptible monsters within range! (Use Z to cast anyway.)
You can't see any susceptible monsters within range! (Use Z to cast anyway.)
c - a ring mail A kobold comes into view.
The magic dart hits the kobold.
The kobold throws a stone.
The stone closely misses you.
The stone hits the plant but does no damage.
But you're not safe!
The magic dart hits the kobold.
You kill the kobold!
You don't have enough magic to cast that spell.
You don't have enough magic to cast that spell.
You start resting.
An ooze comes into view.
You see here a glowing dagger.
d - a glowing dagger It sticks to your hand!
d - a cursed -2 dagger (weapon)
You start removing your armour.
You continue taking off your +0 robe. x4
You finish taking off your +0 robe.
You start putting on your armour.
You continue putting on your ring mail. x5
You finish putting on your cursed +0 ring mail.
Oops, that feels deathly cold.
A bat comes into view.
But you're not safe! But you're not safe! But you're not safe!
But you're not safe!
The magic dart hits the bat.
The bat closely misses you. The bat barely misses you.
You closely miss the bat.
The ooze quivers.
The bat hits you but does no damage.
You miss the bat. The bat barely misses you.
The bat hits you but does no damage.
You miss the bat. The bat hits you but does no damage.
The bat barely misses you.
You closely miss the bat. The bat hits you but does no damage. x2
You closely miss the bat. The bat closely misses you.
The bat completely misses you.
You miss the bat. The bat hits you but does no damage. x2
You closely miss the bat. The bat hits you. x2
You barely miss the bat. The bat barely misses you.
The ooze hits you but does no damage.
You completely miss the bat. The bat hits you but does no damage. x2
The ooze hits you.
You hit the ooze. The bat hits you but does no damage.
The bat barely misses you. The ooze hits you.
You closely miss the ooze. The bat hits you but does no damage.
The bat hits you. The ooze barely misses you.
You closely miss the ooze. The bat hits you.
The bat hits you but does no damage. The ooze barely misses you.
You closely miss the ooze. The bat hits you but does no damage.
The ooze hits you. The bat closely misses you.
You completely miss the ooze. The bat hits you.
The ooze hits you but does no damage.
You are too injured to fight recklessly!
You are too injured to fight recklessly!
You are too injured to fight recklessly!
You are too injured to fight recklessly!
Aim: a bat (0% to evade)
The magic dart hits the bat.
The bat closely misses you. The ooze hits you but does no damage.
Aim: a bat (moderately wounded, 0% to evade)
You miscast Magic Dart.
You are very lightly contaminated with residual magic.
Nothing appears to happen.
The ooze completely misses you. The bat misses you.
Aim: a bat (0% to evade)
The magic dart hits the bat.
The bat barely misses you. The ooze barely misses you.
You don't have enough magic to cast that spell.
You barely miss the bat. The bat barely misses you. The ooze hits you.
The bat barely misses you. The bat hits you.
You barely miss the bat. The bat hits you but does no damage.
The bat closely misses you. The ooze hits you.
You barely miss the bat. The bat hits you but does no damage.
The bat barely misses you. The ooze hits you.
* * * LOW HITPOINT WARNING * * *
HP warning!
You hit the bat but do no damage. The bat completely misses you.
The bat hits you but does no damage. The ooze hits you.
You die...

#......##........#
#......##.P...P..#
#......##........######
#......##.............###
#......##..........(..)..
#........#####...........
####.###.# #...........
#.# #J# #........... #.#
#@# #.......(... #.# #b#
#.......).#. #.# #..
#...J.....# #.# ##..
............ #.#
.......##.#..... #.# ....
..... ......


You could see an ooze and a bat.

Vanquished Creatures
  A goblin (D:1)
  A kobold (D:1)
2 creatures vanquished.

Notes
Turn   | Place    | Note
-------+----------+-------------------------------------------
     0 | D:1      | sentinel the Demonspawn Conjurer began the quest for the
                  | Orb.
     0 | D:1      | Reached XP level 1. HP: 13/13 MP: 3/3
    75 | D:1      | Slain by an ooze

Illustrated notes

Levels and vault maps discovered:
D:1:      dpeg_arrival_orchard, layout_rooms, kennysheep_pointless_box

Action                   || total
-------------------------++-------
Melee: Dagger            ||    18
 Cast: Magic Dart        ||     6
Armor: Ring mail         ||    19
Dodge: Dodged            ||    22
